 Dungeon Crawl Stone Soup version 0.30-a0-364-gf6b3ef1049 (webtiles) character file.

Game seed: 16075904564553227246

59164 NinjaNoafa the Basher (level 14, -15/119 (125) HPs)
             Began as an Armataur Fighter on Nov 15, 2022.
             Was the Champion of Ru.
             Demolished by Rupert
             ... wielding a +4 battleaxe of electrocution
              (28 damage)
             ... on level 1 of the Snake Pit.
             The game lasted 01:02:01 (22299 turns).

NinjaNoafa the Basher (Armataur Fighter)           Turns: 22299, Time: 01:02:02

HP:   -15/119 (125) AC: 28    Str: 26 (27) XL:     14   Next: 52%
MP:   23/23         EV: 10    Int:  7 (8)  God:    Ru [******]
Gold: 1908          SH:  5    Dex: 10      Spells: 13/13 levels left

rFire   . . .      SeeInvis +    M - +8 morningstar of Pouniop {freeze, rCorr MP+9}
rCold   + . .      Faith    .    (shield unavailable)
rNeg    . . .      Spirit   .    O - +5 scale mail {rC+}
rPois   .          Reflect  +    T - +2 hat {SInv}
rElec   .          Harm     .    j - +2 cloak
rCorr   +          Roll     +    G - +2 pair of gloves
Will    +....                    c - +0 barding
Stlth   ..........               I - amulet of reflection
HPRegen 0.39/turn                (ring unavailable)
MPRegen 0.18/turn                S - +4 ring of evasion

@: exhausted, on berserk cooldown, lightly drained
A: large, rugged brown scales 3, deformed body, missing a hand, no stealth,
hated by all, inability to train dodging, armoured tail, roll, long tongue,
awkward tongue, antennae 1, deterioration 1, frail 1
a: Renounce Religion, Draw Out Power, Power Leap, Apocalypse


You were on level 1 of the Snake Pit.
You worshipped Ru.
Ru was exalted by your worship.
You visited 5 branches of the dungeon, and saw 20 of its levels.
You also visited: Sewer and Ossuary.

You collected 3269 gold pieces.
You spent 1361 gold pieces at shops.

Inventory:

Hand Weapons
 M - the +8 morningstar of Pouniop (weapon) {freeze, rCorr MP+9}
   (You bought it in a shop on level 4 of the Dungeon)

   It freezes those it strikes, dealing additional cold damage.
   It can also slow down cold-blooded creatures.
   MP:        It affects your magic capacity (+9).
   rCorr:     It protects you from acid and corrosion.
Missiles
 e - a throwing net
 f - 219 stones
 l - 5 boomerangs of dispersal
 t - 44 poisoned darts
 C - 2 curare-tipped darts
 L - a silver boomerang (quivered)
 P - a silver javelin
 V - 5 datura-tipped darts
 X - 9 boomerangs
 Y - 5 javelins
Armour
 c - a +0 barding (worn)
 j - a +2 cloak (worn)
 G - a +2 pair of gloves (worn)
 O - a +5 scale mail of cold resistance (worn)
 T - a +2 hat of see invisible (worn)
Jewellery
 g - a ring of poison resistance
 v - a ring of protection from cold
 y - a ring of flight
 z - a ring of ice
 I - an amulet of reflection (around neck)
 K - a ring of positive energy
 S - a +4 ring of evasion (right hand)
Wands
 u - a wand of light (4)
 D - a wand of polymorph (19)
 E - a wand of iceblast (36)
 N - a wand of flame (40)
Scrolls
 h - 5 scrolls of noise
 k - 4 scrolls of vulnerability
 n - 2 scrolls of blinking
 p - 2 scrolls of immolation
 x - a scroll of torment
 B - 5 scrolls of enchant weapon
 H - a scroll of fear
 R - a scroll of amnesia
 U - 3 scrolls of teleportation
 W - a scroll of identify
Potions
 b - a potion of resistance
 d - 2 potions of might
 i - 2 potions of brilliance
 m - 6 potions of haste
 o - 2 potions of flight
 q - 3 potions of heal wounds
 r - 4 potions of magic
 s - 4 potions of cancellation
 w - a potion of attraction
 A - a potion of curing
 F - a potion of lignification
 Q - a potion of berserk rage
Miscellaneous
 a - a condenser vane (inert)
 J - a phial of floods


   Skills:
 + Level 13.1 Fighting
 - Level 14.0 Maces & Flails
 + Level 10.4 Armour
 - Level 14.0 Evocations


You had 13 spell levels left.
You didn't know any spells.
Your spell library contained the following spells:

 Spells                   Type           Power      Damage    Failure   Level
 Apportation              Tloc           0%         N/A       67%         1
 Magic Dart               Conj           0%         1d3       67%         1
 Necrotise                Necr           0%         1d4       67%         1
 Slow                     Hex            0%         N/A       67%         1
 Cigotuvi's Dreadful Rot  Necr/Pois/Air  0%         N/A       80%         2
 Confusing Touch          Hex            0%         N/A       95%         3
 Gell's Gravitas          Tloc           0%         N/A       95%         3
 Mephitic Cloud           Conj/Pois/Air  0%         N/A       95%         3
 Stone Arrow              Conj/Erth      0%         3d7       95%         3
 Teleport Other           Tloc           0%         N/A       95%         3
 Vampiric Draining        Necr           0%         2d6       95%         3
 Dispel Undead            Necr           0%         3d6       100%        4
 Dispersal                Tloc           0%         N/A       100%        6
 Orb of Destruction       Conj           0%         9d5       100%        7
 Lehudib's Crystal Spear  Conj/Erth      0%         10d2      100%        8
 Summon Small Mammal      Summ           Unusable   N/A       N/A         1
 Call Imp                 Summ           Unusable   N/A       N/A         2
 Summon Guardian Golem    Hex/Summ       Unusable   N/A       N/A         3
 Animate Armour           Summ/Erth      Unusable   N/A       N/A         4
 Death Channel            Necr           Unusable   N/A       N/A         6
 Spellforged Servitor     Conj/Summ      Unusable   N/A       N/A         7

Dungeon Overview and Level Annotations

Branches:
Dungeon (11/15)            Temple (1/1) D:5            Lair (5/5) D:9
 Shoals (0/4) Lair:2        Snake (1/4) Lair:3        Slime (0/5) Lair:4
    Orc (2/2) D:11            Elf (0/3) Orc:2         Sewer (visited)
Ossuary (visited)

Altars:
Ashenzari
Cheibriados
Dithmenos
Elyvilon
Gozag
Kikubaaqudgha
Makhleb
Nemelex Xobeh
Okawaru
Qazlal
Ru
Sif Muna
Trog
Uskayaw
Vehumet
Wu Jian
Xom
Zin
The Shining One
Lugonu

Shops:
D:4 (   D:5 *   Orc:2 !!=(

Annotations:
D:7 1 transporter
Snake:1 Rupert


Innate Abilities, Weirdness & Mutations

You are completely covered in rugged brown scales. (AC +3, +7% HP)
Armour fits poorly on your strangely shaped body.
You are missing a hand.
You cannot be stealthy.
You are hated by all.
You cannot train Dodging skill.
You have a long armoured tail.
You roll when moving toward enemies. (Rampage)
Your long tongue fully drains potion bottles. (2x potion effects)
Your tongue gives you trouble enunciating. (1.5x scroll delay)
You have a pair of small antennae on your head.
Your body sometimes deteriorates upon taking damage.
You are frail. (-10% HP)


Message History

Rupert hits you with a +4 battleaxe of electrocution!!
You closely miss Rupert.
Rupert is heavily wounded.
Rupert hits you with a +4 battleaxe of electrocution!!
* * * LOW HITPOINT WARNING * * *
Your body deteriorates!
You feel weakened.
You are electrocuted!
* * * LOW HITPOINT WARNING * * *
You focus your inner power and illuminate Rupert in retribution!
Rupert attacks as you move away!
Rupert hits you with a +4 battleaxe of electrocution!!
* * * LOW HITPOINT WARNING * * *
You focus your inner power and blind Rupert in retribution!
You feel a strong urge to attack something.
Okay, then.
You feel your anger nearly subside.
Rupert is no longer blind.
Okay, then.
You are no longer berserk.
You are exhausted.
You feel yourself slow down.
You are restored by drawing out deep reserves of power within.
You feel drained.
Rupert hits you with a +4 battleaxe of electrocution!
You block Rupert's attack.
You hit Rupert. You freeze Rupert. You tail-slap Rupert.
Rupert is heavily wounded.
Rupert hits you but does no damage.
Aiming: Bolt of Light
Press: ? - help, Shift-Dir - straight line, f - Rupert
Aim: Rupert, wielding a +4 battleaxe of electrocution and wearing a +0 leather armour (heavily wounded, berserk, softly glowing, 83% to hit)
The bolt of light hits Rupert!!
Rupert is severely wounded.
Rupert is blinded.
Rupert hits you with a +4 battleaxe of electrocution!!
* * * LOW HITPOINT WARNING * * *
Your body deteriorates!
You feel dopey.
You focus your inner power and slow Rupert in retribution!
Rupert hits you with a +4 battleaxe of electrocution!!
You die...

#<#.# ##.##
.>######..#
.........## ... .
####....# #..###.
##...# #...#..
#....# #....#
##.#..# #....#
##@###.#
####....# #.@#
#..#
........####..#
#..#
.............##
..#
........)....# ##
#####..#.........
#..###.........
#.. #.........#
#..# ##.........


You could see Rupert (berserk, blind, slow, corona).

Vanquished Creatures
  Gastronok (Lair:2)
  Nessos (Lair:5)
  3 ogre magi
  3 hydras (Lair:5)
  2 catoblepae
  12 two-headed ogres
  2 boulder beetles
  5 death yaks (Lair:5)
  A deep troll shaman (Lair:5)
  Urug (Orc:2)
  Amaemon (Lair:2)
  A fire crab (Lair:5)
  A swamp dragon (shapeshifter) (D:10)
  2 deep trolls (Orc:2)
  A lindwurm (Lair:5)
  Pikel (D:8)
  A deep elf pyromancer (D:10)
  5 cyclopes
  A salamander (Lair:4)
  3 orc sorcerers
  4 manticores
  3 elephants (Lair:5)
  A gargoyle (D:10)
  A guardian serpent (shapeshifter) (D:11)
  A merfolk siren (Lair:2)
  2 black mambas
  A naga mage (Snake:1)
  11 cane toads
  An orange demon (Lair:2)
  A torpor snail (Lair:4)
  Maggie (D:6)
  2 rime drakes
  5 komodo dragons
  14 trolls
  A hornet (Lair:1)
  A polar bear (Lair:5)
  Prince Ribbit (D:5)
  5 dream sheep (Lair:2)
  A slime creature (D:11)
  10 blink frogs
  3 shadows
  A vampire (D:11)
  A wraith (D:9)
  8 wyverns
  2 steam dragons
  Grum (D:8)
  12 yaks
  A basilisk (Lair:5)
  A vampire mosquito (D:10)
  Menkaure (D:6)
  Edmund (D:6)
  2 nagas (Lair:3)
  A warg (Orc:2)
  12 water moccasins
  2 acid dragons
  3 ice beasts (D:6)
  12 orc warriors
  2 sky beasts (D:6)
  A black bear (Lair:4)
  20 ogres
  24 wolves
  5 centaurs
  2 phantoms
  5 kobold brigands
  A lemure (D:8)
  11 bullfrogs
  Blork the orc (D:5)
  4 elf zombies (Ossuary)
  2 necrophages
  4 scorpions
  10 wights
  8 howler monkeys
  16 killer bees
  4 crimson imps (D:10)
  3 human zombies (Ossuary)
  14 orc priests
  A gnoll bouda (D:5)
  4 hounds
  12 jellies
  Ijyb (D:4)
  2 iguanas
  7 orc wizards
  2 hound zombies (Ossuary)
  3 mummies (Ossuary)
  Robin (D:3)
  14 gnolls
  10 adders
  A shadow imp (D:8)
  2 white imps
  4 adder zombies (Ossuary)
  4 worms
  3 dart slugs
  59 orcs
  11 ball pythons
  16 endoplasms
  4 giant cockroaches
  19 goblins
  11 hobgoblins
  7 jackals
  A quokka (D:2)
  2 bats (D:3)
  10 frilled lizards
  4 hobgoblin zombies (Ossuary)
  7 jackal zombies (Ossuary)
  25 kobolds
  3 kobold zombies (Ossuary)
  2 orc zombies (Ossuary)
  3 quokka zombies (Ossuary)
  14 rats
  2 rat zombies
587 creatures vanquished.

Vanquished Creatures (others)
  A blink frog (Lair:5)
  A naga (Lair:3)
  A water moccasin (Lair:5)
  An ogre (Orc:2)
  A gnoll sergeant (Orc:1)
  An orc priest (D:10)
  3 orc wizards
  2 orcs
  A kobold (D:9)
  A fire vortex (Lair:4)
  14 fungi
  30 plants
57 creatures vanquished.

Grand Total: 644 creatures vanquished

Notes
Turn   | Place    | Note
-------+----------+-------------------------------------------
     0 | D:1      | NinjaNoafa the Armataur Fighter began the quest for the
                  | Orb.
     0 | D:1      | Reached XP level 1. HP: 19/19 MP: 1/1
   118 | D:1      | Reached XP level 2. HP: 26/26 MP: 2/2
   583 | D:1      | Reached XP level 3. HP: 28/32 MP: 3/3
  1652 | D:3      | Reached XP level 4. HP: 20/39 MP: 4/4
  1662 | D:3      | Reached skill level 5 in Armour
  1794 | D:3      | Noticed Robin
  1827 | D:3      | Reached XP level 5. HP: 39/44 MP: 5/5
  2027 | D:3      | Killed Robin
  2380 | D:4      | Found a large runed translucent door.
  2380 | D:4      | Found a large runed translucent door.
  2413 | D:4      | Reached skill level 5 in Maces & Flails
  2424 | D:4      | Noticed Ijyb
  2432 | D:4      | Killed Ijyb
  2433 | D:4      | Reached XP level 6. HP: 52/53 MP: 6/6
  2488 | D:4      | Found a sand-covered staircase.
  2494 | Ossuary  | Entered an ossuary
  2633 | Ossuary  | Reached XP level 7. HP: 54/59 MP: 7/7
  2923 | D:4      | Found a sparkling altar of Nemelex Xobeh.
  3057 | D:4      | Found Pivakua's Antique Weapon Boutique.
  3098 | D:4      | Bought a slimy morningstar for 225 gold pieces
  3098 | D:4      | Identified the +8 morningstar of Pouniop {freeze, rCorr
                  | MP+9} (You bought it in a shop on level 4 of the Dungeon)
  3465 | D:4      | Found a shimmering altar of Xom.
  3503 | D:5      | Entered Level 5 of the Dungeon
  3539 | D:5      | Found a staircase to the Ecumenical Temple.
  3541 | D:5      | Found Kieshraoti's Gadget Gallery.
  3569 | Temple   | Entered the Ecumenical Temple
  3847 | D:5      | Found a sacrificial altar of Ru.
  3858 | D:5      | Became a worshipper of Ru the Awakened
  4089 | D:5      | Reached XP level 8. HP: 66/66 MP: 8/8
  4103 | D:5      | Noticed Prince Ribbit
  4557 | D:6      | Reached skill level 10 in Maces & Flails
  4590 | D:6      | Reached XP level 9. HP: 66/72 MP: 9/9
  4719 | D:6      | Noticed Edmund
  4732 | D:6      | Killed Edmund
  4868 | D:6      | Noticed Maggie
  4874 | D:6      | Noticed Menkaure
  4897 | D:6      | Found a glowing drain.
  4902 | D:6      | Killed Menkaure
  4904 | D:6      | Killed Maggie
  4918 | Sewer    | Entered a sewer
  5119 | Sewer    | Gained mutation: You are hated by all. [Ru sacrifice]
  5119 | Sewer    | Reached * piety under Ru
  5119 | Sewer    | Reached ** piety under Ru
  6451 | D:5      | Noticed Blork the orc
  6453 | D:5      | Found a glowing golden altar of the Shining One.
  6458 | D:5      | Killed Blork the orc
  6498 | D:5      | Found an ornate altar of the Wu Jian Council.
  6914 | D:7      | Found a transporter.
  6919 | D:7      | Found a transporter.
  6922 | D:7      | Noticed a purple ugly thing
  6922 | D:7      | Noticed a cyan ugly thing
  6922 | D:7      | Noticed a red ugly thing
  6924 | D:7      | Noticed a brown ugly thing
  7017 | D:7      | Found a corrupted altar of Lugonu.
  7093 | D:7      | Reached XP level 10. HP: 73/79 MP: 10/10
  7278 | D:8      | Noticed a two-headed ogre
  7285 | D:8      | Killed a two-headed ogre
  7633 | D:8      | Noticed Grum
  7634 | D:8      | Noticed Pikel
  7650 | D:8      | Killed Pikel
  7657 | D:8      | Killed Grum
  7732 | D:8      | Found an iron altar of Okawaru.
  8688 | D:5      | Killed Prince Ribbit
  8858 | D:9      | Reached skill level 5 in Fighting
  9212 | D:9      | Gained mutation: You cannot be stealthy. [Ru sacrifice]
  9382 | D:9      | Reached XP level 11. HP: 87/97 MP: 11/11
  9961 | D:9      | Found a staircase to the Lair.
 10112 | D:10     | Entered Level 10 of the Dungeon
 10170 | Lair:1   | Entered Level 1 of the Lair of Beasts
 11167 | Lair:2   | Noticed Amaemon
 11366 | Lair:2   | Killed Amaemon
 11496 | Lair:2   | Reached skill level 10 in Fighting
 11501 | Lair:2   | Found a staircase to the Shoals.
 11586 | Lair:2   | Reached skill level 1 in Evocations
 11707 | Lair:2   | Noticed Gastronok
 11718 | Lair:2   | Killed Gastronok
 11719 | Lair:2   | Reached skill level 5 in Evocations
 11795 | Lair:2   | Gained mutation: You are missing a hand. [Ru sacrifice]
 11795 | Lair:2   | Reached *** piety under Ru
 11795 | Lair:2   | Reached **** piety under Ru
 11795 | Lair:2   | Reached ***** piety under Ru
 12031 | Lair:2   | You fall into a shaft and drop 2 floors!
 12068 | Lair:4   | Found a staircase to the Slime Pits.
 12510 | Lair:3   | Found a staircase to the Snake Pit.
 12692 | Lair:3   | Reached XP level 12. HP: 101/113 MP: 12/12
 13509 | Lair:3   | Noticed a boulder beetle
 13527 | Lair:3   | Killed a boulder beetle
 13892 | Lair:3   | Gained mutation: You do not regenerate when monsters are
                  | visible. [potion of mutation]
 13892 | Lair:3   | Gained mutation: You sometimes lose your temper in combat.
                  | [potion of mutation]
 13892 | Lair:3   | Gained mutation: You are weak. (Str -2) [potion of
                  | mutation]
 13892 | Lair:3   | Lost mutation: You are weak. (Str -2) [potion of mutation]
 13892 | Lair:3   | Gained mutation: You are partially covered in large bone
                  | plates. (SH +4) [potion of mutation]
 13893 | Lair:3   | Lost mutation: You sometimes lose your temper in combat.
                  | [potion of mutation]
 13893 | Lair:3   | Lost mutation: You are partially covered in large bone
                  | plates. (SH +4) [potion of mutation]
 13893 | Lair:3   | Lost mutation: You do not regenerate when monsters are
                  | visible. [potion of mutation]
 13893 | Lair:3   | Gained mutation: You expend magic power (3 MP) to
                  | strengthen your wands. [potion of mutation]
 13893 | Lair:3   | Gained mutation: You are agile. (Dex +4, Str/Int -1)
                  | [potion of mutation]
 13893 | Lair:3   | Gained mutation: Your magical capacity is low. (-10% MP)
                  | [potion of mutation]
 13893 | Lair:3   | Lost mutation: You are agile. (Dex +4, Str/Int -1) [potion
                  | of mutation]
 13893 | Lair:3   | Gained mutation: You occasionally lose the ability to read
                  | scrolls when taking damage. [potion of mutation]
 13893 | Lair:3   | Gained mutation: You are robust. (+10% HP) [potion of
                  | mutation]
 13894 | Lair:3   | Lost mutation: You occasionally lose the ability to read
                  | scrolls when taking damage. [potion of mutation]
 13894 | Lair:3   | Lost mutation: Your magical capacity is low. (-10% MP)
                  | [potion of mutation]
 13894 | Lair:3   | Lost mutation: You expend magic power (3 MP) to strengthen
                  | your wands. [potion of mutation]
 13894 | Lair:3   | Lost mutation: You are robust. (+10% HP) [potion of
                  | mutation]
 13894 | Lair:3   | Gained mutation: Your body sometimes deteriorates upon
                  | taking damage. [potion of mutation]
 13894 | Lair:3   | Gained mutation: You are frail. (-10% HP) [potion of
                  | mutation]
 13894 | Lair:3   | Gained mutation: You have a pair of small antennae on your
                  | head. [potion of mutation]
 14414 | Lair:4   | Identified the +1 robe "Zessagik" {SInv Stlth+}
 14663 | Lair:5   | Entered Level 5 of the Lair of Beasts
 14671 | Lair:5   | Noticed a five-headed hydra
 14822 | Lair:5   | Killed a five-headed hydra
 14839 | Lair:4   | Reached skill level 10 in Evocations
 14966 | Lair:4   | Gained mutation: You cannot train Dodging skill. [Ru
                  | sacrifice]
 14966 | Lair:4   | Reached ****** piety under Ru
 15028 | Lair:5   | Noticed Nessos
 15050 | Lair:5   | Killed Nessos
 15400 | Lair:5   | Noticed a death yak
 15401 | Lair:5   | Noticed a death yak
 15402 | Lair:5   | Noticed a death yak
 15402 | Lair:5   | Noticed a death yak
 15421 | Lair:5   | Killed a death yak
 15430 | Lair:5   | Killed a death yak
 15478 | Lair:5   | Noticed a death yak
 15481 | Lair:5   | Noticed a catoblepas
 15484 | Lair:5   | Killed a death yak
 15485 | Lair:5   | Reached XP level 13. HP: 86/109 MP: 13/13
 15937 | D:5      | Bought a condenser vane for 600 gold pieces
 16951 | Lair:5   | Identified a scroll of acquirement
 17715 | D:10     | Identified the +5 great mace "Demon's Death" {flame, rF+}
 18159 | D:10     | Found a hide-covered altar of Uskayaw.
 18481 | D:10     | Found a shimmering altar of Xom.
 19276 | D:11     | Found a staircase to the Orcish Mines.
 19962 | D:11     | Reached XP level 14. HP: 68/121 MP: 14/14
 20169 | Orc:1    | Entered Level 1 of the Orcish Mines
 20237 | Orc:2    | Entered Level 2 of the Orcish Mines
 20255 | Orc:2    | Acquired 953 gold pieces
 20257 | Orc:2    | Noticed Urug
 20266 | Orc:2    | Found a staircase to the Elven Halls.
 20271 | Orc:2    | Killed Urug
 20279 | Orc:1    | Found a burning altar of Makhleb.
 21332 | Orc:2    | HP: 3/123 [two-headed ogre/+0 giant club (5)]
 21339 | Orc:2    | Reached skill level 10 in Armour
 21356 | Orc:2    | HP: 1/125 [cyclops (14)]
 21682 | Orc:2    | Found Tucaj's Distillery.
 21688 | Orc:2    | Found Balig's Weapon Shoppe.
 21694 | Orc:2    | Found Qamol's Distillery.
 21696 | Orc:2    | Bought a potion of haste for 140 gold pieces
 21696 | Orc:2    | Bought a potion of heal wounds for 70 gold pieces
 21696 | Orc:2    | Bought a potion of berserk rage for 70 gold pieces
 21703 | Orc:2    | Found Aley's Jewellery Emporium.
 21707 | Orc:2    | Bought a potion of curing for 48 gold pieces
 21707 | Orc:2    | Bought 2 potions of heal wounds for 160 gold pieces
 21707 | Orc:2    | Bought a potion of lignification for 48 gold pieces
 22252 | Snake:1  | Entered Level 1 of the Snake Pit
 22272 | Snake:1  | Noticed Rupert
 22293 | Snake:1  | HP: 7/187 [Rupert/+4 battleaxe of electrocution (31)]
 22299 | Snake:1  | Demolished by Rupert

Illustrated notes

Levels and vault maps discovered:
D:1:      dpeg_arrival_tiny_a, layout_loops_ring
D:2:      layout_basic, grunt_decor_junction, kennysheep_doodads
D:3:      layout_rooms, uniq_robin
D:4:      due_chaos_kobolds, layout_loops_cross, general_overflow_altar,
          enter_ossuary_3, serial_shops, nicolae_shop_advertising_works
          [nicolae_subvault_shop_adworks], uniq_ijyb
D:5:      minmay_opposing_rooms, layout_basic, mainiacjoe_overflow_chevrons,
          minmay_overflow_temple_star_hex, minmay_temple_entry_ruins,
          interstate_on_off, nicolae_shop_gadgets, uniq_prince_ribbit1,
          uniq_blork_the_orc
D:6:      layout_basic, portal_sewer_entry_a, corexii_leaking_fountain,
          minmay_fractal_squares_diagonal_5, uniq_menkaure, uniq_edmund,
          uniq_maggie
D:7:      gammafunk_corrupted_shrine, layout_basic, grunt_decor_arrowhead
D:8:      layout_cave_pods, mainiacjoe_overflow_concentric_impassable,
          st_stairs_1, uniq_pikel, uniq_grum
D:9:      layout_long_grid, david_lair_shrubbed
D:10:     hangedman_cross_cluster, layout_gridville,
          mainiacjoe_overflow_six_doors_small, led_xom_imps, enter_bailey_4,
          serial_co_window_serial, co_window_paths_b, co_window_corner_a,
          co_window_corner_a, co_window_corner_a, co_window_of_opportunity_a,
          co_window_cross_3, co_window_broadway_b, co_window_2corner,
          co_window_of_opportunity_b, co_window_paths_d, glass_columns_a,
          glass_columns_c, glass_columns_a, minmay_misc_feat_encased
D:11:     layout_cave_pools, hiddenorc1_lemuel, evilmike_minifort
Temple:   minmay_temple_bridge_abc
Lair:1:   layout_cave_pods
Lair:2:   layout_regular_city, minmay_shoals_entry_lonely_mermaid, minivault_25,
          grunt_megastairs_1, uniq_gastronok, uniq_amaemon
Lair:3:   layout_chaotic_city, minmay_snake_entry_guardpost_small
Lair:4:   layout_gridlike, nicolae_slime_entry_slimehenge
Lair:5:   grunt_lair_end_beastmaster, layout_hall_layers,
          minmay_shattered_shrine, uniq_nessos
Snake:1:  layout_layer_cave, uniq_azrael, uniq_rupert
Orc:1:    nicolae_orc_accident_2, layout_diamond_mine, bloody_makhleb
Orc:2:    st_orc_open, layout_diamond_mine, lemuel_statue_altar, uniq_urug

Skill      XL: |  1  2  3  4  5  6  7  8  9 10 11 12 13 14 |
---------------+-------------------------------------------+-----
Maces & Flails | 2 3 4 5 6 8 10 13 14 | 14.0
Armour         | 4 5 8 10 | 10.4
Fighting       | 6 10 11 13 | 13.1
Evocations     | 6 12 14 | 14.0
Shields        | 0 |  0.0

Action                   |  1- 3 |  4- 6 |  7- 9 | 10-12 | 13-15 || total
-------------------------+-------+-------+-------+-------+-------++-------
Melee: Flail             |    51 |       |       |       |       ||    51
       Tailslap          |    11 |    15 |    35 |    57 |    54 ||   172
       Morningstar       |    45 |   152 |   233 |   423 |   421 ||  1274
Throw: Stone             |     8 |       |       |       |       ||     8
       Javelin           |       |       |       |     5 |       ||     5
       Dart              |       |       |       |    11 |       ||    11
       Boomerang         |       |       |       |       |     3 ||     3
Invok: Sacrifice Love    |       |       |     1 |       |       ||     1
       Sacrifice Stealth |       |       |       |     1 |       ||     1
       Sacrifice a Hand  |       |       |       |     1 |       ||     1
       Power Leap        |       |       |       |     2 |     6 ||     8
       Draw Out Power    |       |       |       |     1 |     4 ||     5
       Sacrifice Nimblen |       |       |       |     1 |       ||     1
       Apocalypse        |       |       |       |       |     2 ||     2
Evoke: Wand              |     1 |     2 |       |     3 |    11 ||    17
       Phial of floods   |       |       |       |       |     1 ||     1
       Condenser vane    |       |       |       |       |     1 ||     1
  Use: Potion            |     2 |       |    12 |    14 |     7 ||    35
       Scroll            |       |     2 |    10 |    18 |    11 ||    41
 Stab: Invisible         |       |       |       |     2 |     5 ||     7
       Paralysed         |       |       |       |     4 |     3 ||     7
       Petrified         |       |       |       |       |     6 ||     6
Armor: Scale mail        |    62 |     4 |    61 |   156 |   218 ||   501
       Chain mail        |       |   135 |    72 |       |       ||   207
Dodge: Dodged            |    33 |    51 |    67 |   201 |   191 ||   543
Block: Buckler           |    23 |    47 |    48 |    84 |       ||   202
       Reflection        |       |       |     1 |    10 |     8 ||    19
       Other             |       |       |       |    43 |   105 ||   148

Table legend: (Time is in decaauts)
 A = Elapsed time spent in this place.
 B = Non-inter-level travel time spent in this place.
 C = Inter-level travel time spent in this place.
 D = Time resting spent in this place.
 E = Time spent auto-exploring this place.
 F = Levels seen in this place.
 G = Mean time per level.
                   A        B        C        D        E       F      G
               +--------+--------+--------+--------+--------+-----+--------+
         Total |  22306 |  20077 |   2229 |    104 |  15985 |  22 | 1013.9 |
       Dungeon |  12963 |  11440 |   1523 |      0 |   9095 |  11 | 1178.5 |
        Temple |    251 |    229 |     22 |      0 |    167 |   1 |  251.0 |
          Lair |   6387 |   5765 |    622 |    100 |   4747 |   5 | 1277.4 |
     Snake Pit |     40 |     40 |      0 |      0 |     15 |   1 |   40.0 |
  Orcish Mines |   1927 |   1866 |     61 |      0 |   1545 |   2 |  963.5 |
         Sewer |    347 |    347 |      0 |      0 |    240 |   1 |  347.0 |
       Ossuary |    388 |    388 |      0 |      4 |    175 |   1 |  388.0 |
               +--------+--------+--------+--------+--------+-----+--------+

Top non-repeatable levels by time:
  Lair:5: 1850 daAuts
     D:9: 1685 daAuts
    D:10: 1511 daAuts
     D:8: 1441 daAuts
  Lair:2: 1390 daAuts
     D:5: 1360 daAuts
    D:11: 1316 daAuts
     D:7: 1201 daAuts
  Lair:1: 1139 daAuts
  Lair:3: 1133 daAuts
     D:4: 1046 daAuts
     D:6: 1044 daAuts
   Orc:2: 968 daAuts
   Orc:1: 959 daAuts
     D:2: 895 daAuts
